 Dungeon Sprint DCSS version bcrawl-1.19.2-6-g6a88ae04c9 (webtiles) character file.

Game seed: 15349714556770777351

407777 Freyura the Invulnerable (level 20, -3/194 HPs)
             Began as a Minotaur Fighter on Jan 9, 2020.
             Was the Champion of the Shining One.
             Slain by an azure jelly (23 damage)
             ... while paralysed by a floating eye
             ... in the Dungeon (Sprint IX: "|||||||||||||||||||||||||||||").
             The game lasted 00:47:06 (8818 turns).

Freyura the Invulnerable (Minotaur Fighter)         Turns: 8818, Time: 00:47:06

Health: -3/194     AC: 27    Str: 31    XL:     20   Next: 79%
Magic:  36/36      EV:  2    Int:  1    God:    the Shining One [******]
Gold:   1961       SH:  0    Dex: 26    Spells: 42/42 levels left

rFire    + + +     SeeInvis .   n - +9 sacred scourge (holy)
rCold    . . .     Gourm    .   D - +5 large shield
rNeg     + + +     Faith    .   L - +4 plate armour of Anaesthesia {Str+4 Int+2 Dex+5}
rPois    .         Spirit   .   (helmet restricted)
rElec    .         Reflect  .   r - +0 cloak
rCorr    +         Harm     .   w - +2 pair of gloves
MR       +....     NoTele   +   p - +2 pair of boots
Stlth    +.........             (no amulet)
HPRegen  0.42/turn              I - ring of Iresoyck {rF+++ rCorr Str+3 Int-2}
MPRegen  0.25/turn              A - ring of Zootorr {rF+ Str+2 Dex+3 Slay+3}

@: paralysed, divine shield, corroded, glowing
A: retaliatory headbutt, horns 2, deformed body, dopey 2, frail 1, sturdy frame
1
0: Orb of Zot
}: 6/17 runes: decaying, serpentine, barnacled, elven, silver, gossamer
a: Divine Shield, Cleansing Flame, Summon Divine Warrior, Renounce Religion


You were in the Dungeon.
You worshipped the Shining One.
The Shining One was exalted by your worship.
You were not hungry.

You visited 1 branch You collected 1961 gold pieces.

Inventory:

Hand Weapons
 n - a +9 sacred scourge of holy wrath (weapon)
 o - a +2 morningstar of protection
Missiles
 z - 3 throwing nets (quivered) {!f}
Armour
 a - +0 gold dragon scales
 p - a +2 pair of boots (worn)
 r - a +0 cloak (worn)
 w - a +2 pair of gloves (worn)
 D - a +5 large shield (worn)
 L - the +4 plate armour of Anaesthesia (worn) {Str+4 Int+2 Dex+5}
   (You found it in the Dungeon)

   It affects your strength (+4).
   It affects your intelligence (+2).
   It affects your dexterity (+5).
Jewellery
 A - the ring of Zootorr (right hand) {rF+ Str+2 Dex+3 Slay+3}
   (You found it in the Dungeon)

   [ring of slaying]

   It affects your strength (+2).
   It affects your dexterity (+3).
   It affects your accuracy and damage with ranged weapons and melee attacks
   (+3).
   It protects you from fire.
 I - the ring of Iresoyck (left hand) {rF+++ rCorr Str+3 Int-2}
   (You found it in the Dungeon)

   [ring of resist corrosion]

   It affects your strength (+3).
   It affects your intelligence (-2).
   It renders you almost immune to fire.
   It provides partial protection from all sources of acid and corrosion.
Wands
 b - a wand of iceblast (8)
 m - a wand of acid (8)
Scrolls
 j - 8 scrolls of remove curse
 k - 4 scrolls of blinking
 l - 2 scrolls of amnesia
 q - 4 scrolls of fear
 y - 4 scrolls of fog
 B - 2 scrolls of identify
Potions
 c - 2 potions of mutation
 d - 2 potions of lignification
 e - 2 potions of curing
 g - 10 potions of heal wounds
 h - 8 potions of haste
 i - 4 potions of magic
 t - 2 potions of might
 v - 3 potions of brilliance
 x - a potion of flight
 E - a potion of resistance
 F - a potion of agility
Comestibles
 f - 9 rations {!d}
 s - a chunk of flesh


   Skills:
 O Level 27 Fighting
 O Level 27 Maces & Flails
 O Level 27 Armour
 O Level 27 Dodging
 O Level 27 Stealth
 O Level 27 Shields
 + Level 11.6 Spellcasting
 O Level 27 Invocations
 O Level 27 Evocations


You had 42 spell levels left.
You didn't know any spells.
Your spell library was empty.

Dungeon Overview and Level Annotations

Branches:
Dungeon (1/1)

Altars:
Cheibriados
Dithmenos
Elyvilon
Fedhas
Gozag
Hepliaklqana
Kikubaaqudgha
Lugonu
Makhleb
Nemelex Xobeh
Okawaru
Qazlal
Ru
Sif Muna
Trog
Uskayaw
Vehumet
Wu Jian
Xom
Yredelemnul
Zin
The Shining One
Beogh
Jiyva

Shops:
D %(}?


Innate Abilities, Weirdness & Mutations

You reflexively headbutt those who attack you in melee.
You have a pair of horns on your head.
Armour fits poorly on your strangely shaped body.
You are very dopey. (Int -4)
You are frail. (-10% HP)
Your movements are slightly less encumbered by armour. (ER -2)


Message History

The floating eye gazes piercingly through you!
You suddenly lose the ability to move!
The azure jelly hits you.
* * * LOW HITPOINT WARNING * * *
The azure jelly freezes you!!
* * * LOW HITPOINT WARNING * * *
The azure jelly hits you but does no damage.
The azure jelly hits you!
* * * LOW HITPOINT WARNING * * *
The azure jelly hits you but does no damage.
The azure jelly hits you but does no damage. x2
The azure jelly hits you.
* * * LOW HITPOINT WARNING * * *
The azure jelly hits you.
* * * LOW HITPOINT WARNING * * *
The floating eye's view fixates on you. The azure jelly hits you.
* * * LOW HITPOINT WARNING * * *
The azure jelly freezes you!!
You die...

▓.▓.▓.▓.▓.▓.▓.▓.
▓.▓.▓.▓.▓.▓.▓.▓.▓.
▓.▓.▓'▓.▓.▓.▓.▓.▓.
▓.▓.▓.▓.▓.▓.▓.▓.▓[
▓G▓.▓.▓.▓.▓.▓.▓.▓.
▓G▓.▓.▓.▓)▓.▓.▓.▓.
▓J▓.▓.▓.▓)▓.▓.▓.▓(
▓J▓.▓.▓.▓)▓.▓.▓.▓(
▓@▓.▓.▓.▓)▓.▓.▓.▓)
▓.▓.▓.▓.▓)▓.▓.▓.▓[
▓'▓.▓.▓.▓.▓.▓.▓.▓)
▓.▓.▓.▓.▓.▓.▓.▓.▓(
▓.▓.▓.▓.▓.▓.▓.▓.▓)
▓)▓.▓.▓.▓.▓.▓.▓.▓)
▓)▓.▓.▓.▓[▓.▓.▓[▓.
▓)▓.▓.▓.▓)▓.▓.▓.▓)
▓)▓.▓.▓.▓)▓.▓=▓.▓'


You could see an azure jelly, a death ooze and 2 floating eyes.

Vanquished Creatures
  5 orbs of fire (D)
  4 ancient liches (D)
  5 golden dragons (D)
  A pandemonium lord (D)
  Xtahua (D)
  A caustic shrike (D)
  Jory (D)
  Nikola (D)
  5 liches (D)
  3 tentacled monstrosities (D)
  5 electric golems (D)
  A titan (D)
  28 Orb Guardians (D)
  3 quicksilver dragons (D)
  4 deep elf blademasters (D)
  Frances (D)
  3 death cobs (D)
  3 acid blobs (D)
  A thorn hunter (D)
  A draconian monk (D)
  3 storm dragons (D)
  4 nagarajas (D)
  7 shadow dragons (D)
  A tengu reaver (D)
  An azure jelly (D)
  A draconian knight (D)
  Ilsuiw (D)
  A frost giant (D)
  2 fire giants (D)
  A deep elf sorcerer (D)
  Louise (D)
  An iron dragon (D)
  3 draconian scorchers (D)
  2 vault wardens (D)
  3 ghost moths (D)
  An angel (D)
  8 stone giants (D)
  6 emperor scorpions (D)
  A draconian annihilator (D)
  4 ironheart preservers (D)
  An entropy weaver (D)
  A green draconian (D)
  2 deep elf demonologists (D)
  2 black draconians (D)
  6 vampire knights (D)
  Nessos (D)
  2 deep elf annihilators (D)
  4 purple draconians (D)
  2 yellow draconians (D)
  5 white draconians (D)
  3 deep elf death magi (D)
  4 red draconians (D)
  2 ettins (D)
  6 fire dragons (D)
  3 merfolk javelineers (D)
  2 deep elf high priests (D)
  A yaktaur captain (D)
  2 rakshasas (D)
  3 merfolk impalers (D)
  A great orb of eyes (D)
  4 ogre magi (D)
  Harold (D)
  2 ice dragons (D)
  4 hydras (D)
  A naga warrior (D)
  25 vault guards (D)
  A merfolk avatar (D)
  A catoblepas (D)
  A spriggan air mage (D)
  3 centaur warriors (D)
  An alligator (D)
  6 merfolk aquamancers (D)
  3 deep troll shamans (D)
  4 death yaks (D)
  A deep troll earth mage (D)
  A vampire mage (D)
  A shock serpent (shapeshifter) (D)
  9 orc high priests (D)
  A shock serpent (D)
  A deep elf knight (D)
  3 naga sharpshooters (D)
  A spriggan druid (D)
  A shadow wraith (D)
  An unseen horror (shapeshifter) (D)
  6 swamp dragons (D)
  A wizard (D)
  7 orc knights (D)
  A cyclops (D)
  A necromancer (D)
  2 harpies (D)
  3 ugly things (D)
  A deep elf mage (D)
  3 wolf spiders (D)
  3 manticores (D)
  A mana viper (D)
  11 moths of wrath (D)
  An orb spider (D)
  2 elephants (D)
  A water nymph (D)
  2 naga magi (D)
  4 vault sentinels (D)
  A torpor snail (D)
  3 guardian serpents (D)
  4 black mambas (D)
  2 cane toads (D)
  A kobold demonologist (D)
  A freezing wraith (D)
  2 yaktaurs (D)
  A demonic crawler (D)
  A jumping spider (D)
  2 tyrant leeches (D)
  A merfolk (D)
  A wind drake (D)
  A blink frog (D)
  A bog body (D)
  A slime creature (D)
  4 hippogriffs (D)
  11 spriggans (D)
  5 yaks (D)
  3 tarantellas (D)
  A redback (D)
  Grum (D)
  A basilisk (D)
  Eustachio (D)
  A water elemental (D)
  2 water moccasins (D)
  4 nagas (D)
  2 crocodiles (D)
  2 porcupines (D)
  A porcupine (shapeshifter) (D)
  2 swamp drakes (D)
  An ice beast (shapeshifter) (D)
  11 orc warriors (D)
  A sky beast (shapeshifter) (D)
  A black bear (shapeshifter) (D)
  2 eyes of draining (D)
  3 boggarts (D)
  2 centaurs (D)
  5 wolves (D)
  2 bullfrogs (D)
  A gnoll sergeant (D)
  2 small abominations (D)
  A hound (D)
  3 orc priests (D)
  3 orc wizards (D)
  A worker ant (D)
  A gnoll (D)
  An adder (D)
  A shadow imp (D)
  A dart slug (D)
  6 orcs (D)
  A bat zombie (D)
  A hobgoblin (D)
  A kobold (D)
  A ball python zombie (D)
  A bat (D)
  A frilled lizard (D)
  A giant cockroach simulacrum (D)
  A jackal zombie (D)
  A leopard gecko skeleton (D)
  A leopard gecko zombie (D)
  A rat (D)
  A briar patch (D)
434 creatures vanquished.

Vanquished Creatures (collateral kills)
  2 stone giants (D)
  A yaktaur captain (D)
  An ice dragon (D)
4 creatures vanquished.

Vanquished Creatures (others)
  A merfolk aquamancer (D)
  A hornet (D)
  A bog body (D)
  A spriggan (D)
4 creatures vanquished.

Grand Total: 442 creatures vanquished

Notes
Turn   | Place    | Note
-------+----------+-------------------------------------------
     0 | D        | Freyura the Minotaur Fighter began the quest for the Orb.
     0 | D        | Reached XP level 1. HP: 19/19 MP: 0/0
    17 | D        | Reached skill level 1 in Dodging
    67 | D        | Noticed a centaur
    67 | D        | Noticed a bullfrog
    72 | D        | Killed a bullfrog
    72 | D        | Reached skill level 5 in Fighting
    72 | D        | Reached skill level 5 in Armour
    72 | D        | Reached skill level 5 in Shields
    72 | D        | Reached XP level 2. HP: 27/30 MP: 1/1
    72 | D        | Reached XP level 3. HP: 33/37 MP: 2/2
    72 | D        | Reached XP level 4. HP: 40/44 MP: 3/3
    77 | D        | Reached skill level 5 in Maces & Flails
    82 | D        | Killed a centaur
    82 | D        | Reached skill level 5 in Dodging
    82 | D        | Reached XP level 5. HP: 48/51 MP: 4/4
   164 | D        | Found a roughly hewn altar of Beogh.
   164 | D        | Found a snail-covered altar of Cheibriados.
   164 | D        | Found a shadowy altar of Dithmenos.
   164 | D        | Found a white marble altar of Elyvilon.
   164 | D        | Found a blossoming altar of Fedhas.
   164 | D        | Found an opulent altar of Gozag.
   165 | D        | Found a hazy altar of Hepliaklqana.
   166 | D        | Found a viscous altar of Jiyva.
   167 | D        | Found an ancient bone altar of Kikubaaqudgha.
   168 | D        | Found a corrupted altar of Lugonu.
   169 | D        | Found a burning altar of Makhleb.
   170 | D        | Found a sparkling altar of Nemelex Xobeh.
   171 | D        | Found an iron altar of Okawaru.
   172 | D        | Found a stormy altar of Qazlal.
   173 | D        | Found a sacrificial altar of Ru.
   174 | D        | Found a shimmering blue altar of Sif Muna.
   175 | D        | Found a bloodstained altar of Trog.
   176 | D        | Found a hide-covered altar of Uskayaw.
   177 | D        | Found a radiant altar of Vehumet.
   178 | D        | Found an ornate altar of the Wu Jian Council.
   179 | D        | Found a shimmering altar of Xom.
   180 | D        | Found a basalt altar of Yredelemnul.
   181 | D        | Found a glowing silver altar of Zin.
   182 | D        | Found a glowing golden altar of the Shining One.
   199 | D        | Got the +3 war axe "Ehilo" {elec, Str+2}
   240 | D        | Became a worshipper of the Shining One
   251 | D        | Noticed a manticore
   251 | D        | Reached * piety under the Shining One
   251 | D        | Noticed a crocodile
   251 | D        | Noticed a centaur warrior
   262 | D        | Killed a centaur warrior
   262 | D        | Reached XP level 6. HP: 51/63 MP: 4/8
   262 | D        | Reached XP level 7. HP: 56/70 MP: 4/9
   266 | D        | Reached skill level 5 in Invocations
   277 | D        | Killed a manticore
   277 | D        | Reached skill level 5 in Evocations
   277 | D        | Reached XP level 8. HP: 72/79 MP: 5/11
   282 | D        | Reached ** piety under the Shining One
   317 | D        | Noticed a centaur warrior
   317 | D        | Reached *** piety under the Shining One
   323 | D        | Reached skill level 10 in Shields
   331 | D        | Killed a centaur warrior
   331 | D        | Reached skill level 10 in Fighting
   331 | D        | Reached skill level 10 in Maces & Flails
   331 | D        | Reached skill level 10 in Armour
   331 | D        | Reached XP level 9. HP: 85/86 MP: 11/13
   435 | D        | Got the cursed +1 falchion of the Mind {flame, Dex+3}
   450 | D        | Gained mutation: You are frail. (-10% HP) [potion of
                  | mutation]
   450 | D        | Gained mutation: Your movements are slightly less
                  | encumbered by armour. (ER -2) [potion of mutation]
   456 | D        | Reached **** piety under the Shining One
   456 | D        | Noticed a cane toad
   457 | D        | Noticed a black mamba
   467 | D        | Killed a cane toad
   478 | D        | Killed a black mamba
   478 | D        | Reached skill level 10 in Dodging
   651 | D        | Noticed an elephant
   651 | D        | Reached ***** piety under the Shining One
   651 | D        | Noticed a black mamba
   657 | D        | Reached XP level 10. HP: 79/86 MP: 13/15
   660 | D        | Killed a black mamba
   661 | D        | Noticed an elephant
   672 | D        | Killed an elephant
   683 | D        | Killed an elephant
   754 | D        | Noticed a catoblepas
   754 | D        | Noticed a death yak
   754 | D        | Noticed a death yak
   756 | D        | Noticed a death yak
   756 | D        | Reached ****** piety under the Shining One
   759 | D        | Killed a death yak
   760 | D        | Noticed a death yak
   797 | D        | Killed a death yak
   805 | D        | Killed a catoblepas
   818 | D        | Killed a death yak
   818 | D        | Reached XP level 11. HP: 77/95 MP: 17/17
   829 | D        | Killed a death yak
   840 | D        | Reached skill level 10 in Invocations
   893 | D        | Noticed Grum
   902 | D        | Killed Grum
   935 | D        | Noticed Eustachio
   941 | D        | Killed Eustachio
  1005 | D        | Noticed an orc knight
  1025 | D        | Killed an orc knight
  1194 | D        | Noticed an orc knight
  1201 | D        | Noticed an orc knight
  1217 | D        | Killed an orc knight
  1235 | D        | Killed an orc knight
  1279 | D        | Found Vuqoatis's Magic Scroll Boutique.
  1279 | D        | Noticed an orc high priest
  1279 | D        | Noticed an orc high priest
  1279 | D        | Noticed an orc high priest
  1279 | D        | Noticed an orc knight
  1279 | D        | Noticed an orc high priest
  1280 | D        | Noticed an orc high priest
  1281 | D        | Noticed an orc knight
  1285 | D        | Killed an orc high priest
  1301 | D        | Killed an orc knight
  1305 | D        | Killed an orc high priest
  1305 | D        | Reached skill level 10 in Evocations
  1306 | D        | Found Qetzirink's Gadget Shop.
  1308 | D        | Noticed an orc knight
  1313 | D        | Killed an orc high priest
  1314 | D        | Noticed an orc high priest
  1321 | D        | Killed an orc high priest
  1322 | D        | Found Juuramua's Antique Weapon Boutique.
  1325 | D        | Killed an orc high priest
  1325 | D        | Reached XP level 12. HP: 48/106 MP: 19/19
  1340 | D        | Noticed an orc high priest
  1349 | D        | Killed an orc high priest
  1350 | D        | Found Keliheni's Food Shop.
  1358 | D        | Killed an orc high priest
  1582 | D        | Noticed an orc high priest
  1583 | D        | Noticed an orc high priest
  1587 | D        | Killed an orc high priest
  1609 | D        | Killed an orc high priest
  1751 | D        | Got the cursed +1 fustibalus of Disembowelment {freeze,
                  | +Fly Int+4}
  1776 | D        | Identified a +3 sacred scourge of holy wrath (a +1 demon
                  | whip of freezing blessed by the Shining One)
  1776 | D        | Received a gift from the Shining One
  1832 | D        | Noticed a great orb of eyes
  1836 | D        | Reached skill level 15 in Shields
  1837 | D        | Noticed a rakshasa
  1841 | D        | Reached skill level 15 in Fighting
  1841 | D        | Reached skill level 15 in Armour
  1844 | D        | Noticed a fire giant
  1847 | D        | Paralysed by a great orb of eyes for 2 turns
  1850 | D        | Killed a great orb of eyes
  1850 | D        | Reached skill level 15 in Maces & Flails
  1855 | D        | Killed a rakshasa
  1857 | D        | Noticed a deep troll shaman
  1858 | D        | Noticed a deep troll shaman
  1865 | D        | Killed a fire giant
  1877 | D        | Killed a deep troll shaman
  1882 | D        | Killed a deep troll shaman
  2022 | D        | Noticed Nessos
  2038 | D        | Killed Nessos
  2117 | D        | Noticed an alligator
  2134 | D        | Noticed a thorn hunter
  2146 | D        | Killed an alligator
  2152 | D        | Reached XP level 13. HP: 105/115 MP: 19/21
  2182 | D        | Killed a thorn hunter
  2408 | D        | Noticed a merfolk javelineer
  2412 | D        | Reached skill level 15 in Dodging
  2427 | D        | Noticed a merfolk impaler
  2429 | D        | Killed a merfolk javelineer
  2447 | D        | Killed a merfolk impaler
  2456 | D        | Noticed a ghost moth
  2464 | D        | Killed a ghost moth
  2619 | D        | Noticed Frances
  2638 | D        | Killed Frances
  2649 | D        | Noticed Harold
  2663 | D        | Killed Harold
  2730 | D        | Noticed an iron dragon
  2730 | D        | Noticed an ettin
  2730 | D        | Noticed a stone giant
  2730 | D        | Noticed a stone giant
  2734 | D        | Noticed a fire dragon
  2739 | D        | Noticed a caustic shrike
  2740 | D        | Killed a stone giant
  2754 | D        | Killed a stone giant
  2768 | D        | Killed an iron dragon
  2768 | D        | Reached XP level 14. HP: 83/126 MP: 20/23
  2774 | D        | Noticed a stone giant
  2778 | D        | Noticed a stone giant
  2781 | D        | Killed a caustic shrike
  2806 | D        | Killed a stone giant
  2807 | D        | Noticed a fire giant
  2814 | D        | Killed a stone giant
  2822 | D        | Noticed a stone giant
  2827 | D        | Killed a fire giant
  2851 | D        | Killed a stone giant
  2851 | D        | Reached skill level 15 in Invocations
  3115 | D        | Noticed an ironheart preserver
  3135 | D        | Killed an ironheart preserver
  3136 | D        | Noticed a vault warden
  3138 | D        | Paralysed by an ogre mage for 4 turns
  3161 | D        | Killed a vault warden
  3172 | D        | Noticed an ironheart preserver
  3183 | D        | Noticed an ironheart preserver
  3198 | D        | Killed an ironheart preserver
  3210 | D        | Killed an ironheart preserver
  3247 | D        | Noticed Nikola
  3248 | D        | Noticed a ghost moth
  3266 | D        | Killed Nikola
  3273 | D        | Killed a ghost moth
  3273 | D        | Reached XP level 15. HP: 69/136 MP: 0/26
  3632 | D        | Noticed Xtahua
  3649 | D        | Killed Xtahua
  3649 | D        | Reached skill level 15 in Evocations
  4030 | D        | Noticed Ilsuiw
  4061 | D        | Killed Ilsuiw
  4128 | D        | The Shining One protects you from harm!
  4136 | D        | Got a barnacled rune of Zot
  4478 | D        | Noticed a ghost moth
  4522 | D        | Killed a ghost moth
  4622 | D        | Got a gossamer rune of Zot
  4863 | D        | Noticed a nagaraja
  4864 | D        | Noticed a nagaraja
  4865 | D        | Noticed a nagaraja
  4878 | D        | Killed a nagaraja
  4894 | D        | Killed a nagaraja
  4902 | D        | Killed a nagaraja
  5036 | D        | Noticed a nagaraja
  5046 | D        | Killed a nagaraja
  5049 | D        | Got a serpentine rune of Zot
  5254 | D        | Reached XP level 16. HP: 128/150 MP: 27/27
  5309 | D        | Got a decaying rune of Zot
  5688 | D        | Noticed a shadow dragon
  5724 | D        | Killed a shadow dragon
  5729 | D        | Noticed a shadow dragon
  5745 | D        | Noticed a shadow dragon
  5767 | D        | Killed a shadow dragon
  5801 | D        | Killed a shadow dragon
  5947 | D        | Noticed a shadow dragon
  5947 | D        | Noticed a titan
  5947 | D        | Noticed an ancient lich
  5947 | D        | Noticed a shadow dragon
  5948 | D        | Identified the +6 dagger "Tooseuw" {venom, rPois Dex+3
                  | Stlth+}
  5948 | D        | Noticed a shadow dragon
  5964 | D        | Killed an ancient lich
  5965 | D        | Noticed a shadow dragon
  5969 | D        | Killed a shadow dragon
  5975 | D        | Noticed a quicksilver dragon
  5987 | D        | Killed a titan
  5995 | D        | Killed a shadow dragon
  6002 | D        | Killed a shadow dragon
  6002 | D        | Reached XP level 17. HP: 140/162 MP: 29/29
  6019 | D        | Killed a quicksilver dragon
  6026 | D        | Identified the cursed +0 scale mail of the Guilds {rF+
                  | Str+2}
  6031 | D        | Got a silver rune of Zot
  6107 | D        | Noticed Louise
  6119 | D        | Killed Louise
  6171 | D        | Got the ring of Zootorr {rF+ Str+2 Dex+3 Slay+3}
  6285 | D        | Got the ring of Checkmate {Int+3 Dex+2 SInv}
  6287 | D        | Got the ring "Zauz" {AC+3 Dex+3}
  6289 | D        | Got the ring of Iresoyck {rF+++ rCorr Str+3 Int-2}
  6297 | D        | Got the +5 executioner's axe "Globulus" {chop, rF+ rC+ MR+}
  6301 | D        | Got the +5 triple sword of Dismay {slice, rPois Int+4
                  | Dex+4}
  6309 | D        | Got the +4 plate armour of Anaesthesia {Str+4 Int+2 Dex+5}
  6312 | D        | Got the +2 swamp dragon scales of the Imp {rPois rF+ Str+2
                  | Int+2}
  6447 | D        | Noticed Jory
  6460 | D        | Killed Jory
  6487 | D        | Noticed a golden dragon
  6530 | D        | Killed a golden dragon
  6719 | D        | Noticed a golden dragon
  6753 | D        | Killed a golden dragon
  6834 | D        | Noticed a golden dragon
  6855 | D        | Killed a golden dragon
  6923 | D        | Noticed a tentacled monstrosity
  6926 | D        | Noticed a quicksilver dragon
  6956 | D        | Killed a tentacled monstrosity
  6960 | D        | Killed a quicksilver dragon
  7033 | D        | Reached XP level 18. HP: 170/174 MP: 31/31
  7033 | D        | Noticed a tentacled monstrosity
  7054 | D        | Killed a tentacled monstrosity
  7071 | D        | Noticed a tentacled monstrosity
  7081 | D        | Killed a tentacled monstrosity
  7210 | D        | Noticed an Orb Guardian
  7210 | D        | Noticed an Orb Guardian
  7210 | D        | Noticed an Orb Guardian
  7210 | D        | Noticed an Orb Guardian
  7210 | D        | Noticed an Orb Guardian
  7210 | D        | Noticed an Orb Guardian
  7218 | D        | Killed an Orb Guardian
  7219 | D        | Noticed an Orb Guardian
  7224 | D        | Killed an Orb Guardian
  7229 | D        | Killed an Orb Guardian
  7230 | D        | Noticed an Orb Guardian
  7236 | D        | Killed an Orb Guardian
  7242 | D        | Killed an Orb Guardian
  7243 | D        | Noticed an Orb Guardian
  7246 | D        | Killed an Orb Guardian
  7246 | D        | Noticed an Orb Guardian
  7251 | D        | Killed an Orb Guardian
  7256 | D        | Killed an Orb Guardian
  7259 | D        | Killed an Orb Guardian
  7264 | D        | Killed an Orb Guardian
  7351 | D        | Noticed a golden dragon
  7351 | D        | Noticed an Orb Guardian
  7351 | D        | Noticed an Orb Guardian
  7351 | D        | Noticed a golden dragon
  7353 | D        | Noticed an Orb Guardian
  7359 | D        | Killed a golden dragon
  7359 | D        | Reached skill level 27 in Armour
  7365 | D        | Noticed an Orb Guardian
  7368 | D        | Reached skill level 27 in Fighting
  7368 | D        | Reached skill level 27 in Maces & Flails
  7368 | D        | Reached skill level 27 in Shields
  7377 | D        | Killed an Orb Guardian
  7378 | D        | Killed an Orb Guardian
  7390 | D        | Killed a golden dragon
  7393 | D        | Killed an Orb Guardian
  7399 | D        | Killed an Orb Guardian
  7532 | D        | Noticed an ancient lich
  7534 | D        | Killed an ancient lich
  7534 | D        | Reached XP level 19. HP: 186/186 MP: 34/34
  7547 | D        | Noticed an orb of fire
  7547 | D        | Gained mutation: You are dopey. (Int -2) [an orb of fire]
  7562 | D        | Gained mutation: Armour fits poorly on your strangely
                  | shaped body. [an orb of fire]
  7563 | D        | Killed an orb of fire
  7599 | D        | Noticed an electric golem
  7603 | D        | Killed an electric golem
  7603 | D        | Reached skill level 27 in Dodging
  7658 | D        | Noticed an ancient lich
  7658 | D        | Noticed an electric golem
  7658 | D        | Noticed an orb of fire
  7658 | D        | Noticed an electric golem
  7661 | D        | Noticed an orb of fire
  7664 | D        | Noticed an orb of fire
  7666 | D        | Killed an orb of fire
  7672 | D        | Killed an electric golem
  7679 | D        | Noticed an electric golem
  7682 | D        | Paralysed by an ancient lich for 2 turns
  7688 | D        | Killed an ancient lich
  7693 | D        | Gained mutation: You are very dopey. (Int -4) [an orb of
                  | fire]
  7698 | D        | Killed an electric golem
  7712 | D        | Killed an orb of fire
  7712 | D        | Reached skill level 27 in Invocations
  7720 | D        | Killed an orb of fire
  7727 | D        | Reached skill level 27 in Evocations
  7727 | D        | Reached skill level 1 in Stealth
  7736 | D        | Killed an electric golem
  7957 | D        | Noticed an electric golem
  7959 | D        | Noticed an orb of fire
  7969 | D        | Killed an orb of fire
  7991 | D        | Killed an electric golem
  8213 | D        | Reached skill level 15 in Stealth
  8240 | D        | Reached XP level 20. HP: 184/194 MP: 36/36
  8279 | D        | Got the Orb of Zot
  8289 | D        | Noticed Nuixaon the pandemonium lord
  8295 | D        | Killed Nuixaon the pandemonium lord
  8599 | D        | Noticed an ancient lich
  8606 | D        | Killed an ancient lich
  8633 | D        | Paralysed by a vampire knight for 3 turns
  8720 | D        | Reached skill level 27 in Stealth
  8728 | D        | Reached skill level 5 in Spellcasting
  8774 | D        | Got an elven rune of Zot
  8794 | D        | Reached skill level 10 in Spellcasting
  8794 | D        | Paralysed by a floating eye for 3 turns
  8805 | D        | Paralysed by a floating eye for 2 turns
  8815 | D        | Paralysed by a floating eye for 4 turns
  8818 | D        | Slain by an azure jelly

Skill      XL: |  1  2  3  4  5  6  7  8  9 10 11 12 13 14 15 16 17 18 19 20 |
---------------+-------------------------------------------------------------+-----
Dodging        | 3 5 7 8 9 10 11 13 14 16 17 19 21 23 26 27 | 27.0
Fighting       | 5 6 9 10 11 12 14 15 17 19 21 23 25 27 | 27.0
Maces & Flails | 4 6 8 9 10 11 12 14 15 17 19 21 23 25 27 | 27.0
Armour         | 5 6 9 10 11 12 14 15 17 19 21 23 25 27 | 27.0
Shields        | 5 6 9 10 11 12 14 15 17 19 21 23 25 27 | 27.0
Invocations    | 4 5 6 8 9 11 12 14 16 17 19 21 24 27 | 27.0
Evocations     | 4 5 6 7 8 10 11 13 14 16 18 20 22 27 | 27.0
Stealth        | 18 27 | 27.0
Spellcasting   | 11 | 11.6

Action                   |  1- 3 |  4- 6 |  7- 9 | 10-12 | 13-15 | 16-18 | 19-21 || total
-------------------------+-------+-------+-------+-------+-------+-------+-------++-------
Melee: Flail             |    21 |    11 |       |       |       |       |       ||    32
       Headbutt          |     4 |     3 |    11 |   105 |   191 |   257 |   127 ||   698
       Morningstar       |       |     9 |    73 |   282 |       |       |     1 ||   365
       Sacred scourge    |       |       |       |    68 |   668 |   707 |   322 ||  1765
Invok: Divine Shield     |       |       |       |     5 |     8 |     9 |     5 ||    27
       Brand Weapon With |       |       |       |     1 |       |       |       ||     1
       Summon Divine War |       |       |       |       |       |     3 |     2 ||     5
Evoke: Wand              |       |       |       |       |       |     1 |     2 ||     3
  Use: Potion            |     2 |     1 |     2 |     2 |     9 |     6 |       ||    22
       Scroll            |       |       |     2 |     8 |       |     5 |       ||    15
  Eat: Chunk             |       |       |       |     5 |     5 |     4 |     3 ||    17
       Ration            |       |       |       |       |     2 |     2 |       ||     4
Armor: Scale mail        |    10 |     1 |       |       |       |       |       ||    11
       Chain mail        |       |     2 |    27 |    50 |    92 |    24 |       ||   195
       Plate armour      |       |       |       |       |       |    15 |    36 ||    51
Dodge: Dodged            |     4 |     7 |    29 |    93 |   187 |   131 |    54 ||   505
Block: Shield            |     9 |    14 |    40 |   179 |   449 |   122 |       ||   813
       Large shield      |       |       |       |       |       |   263 |   202 ||   465
